 Dungeon Crawl Stone Soup version 0.31-a0-1301-g7e11add784 (webtiles) character file.

Game seed: 10479611355926173175

146 Bnni the Digger (level 5, -6/38 HPs)
             Began as a Formicid Earth Elementalist on Dec 19, 2023.
             Mangled by Crazy Yiuf
             ... wielding a +4 quarterstaff of chaos
              (13 damage)
             ... on level 3 of the Dungeon.
             The game lasted 00:04:38 (2841 turns).

Bnni the Digger (Formicid Earth Elementalist)       Turns: 2841, Time: 00:04:39

Health: -6/38      AC:  3    Str: 13    XL:     5   Next: 53%
Magic:  9/9        EV: 12    Int: 16    God:
Gold:   218        SH:  0    Dex: 14    Spells: 0/10 levels left

rFire   . . .        n - +4 mace "Lonlash" {venom, Stlth+}
rCold   . . .        (no shield)
rNeg    . . .        a - +0 robe
rPois   .            (helmet unavailable)
rElec   .            (no cloak)
rCorr   .            (no gloves)
SInv    +            h - +0 pair of boots
Will    .....        (no amulet)
Stlth   +++          (no ring)
HPRegen 0.26/turn    (no ring)
MPRegen 0.11/turn

%: no passive effects
@: no status effects
A: permanent stasis, dig shafts and tunnels, antennae 3, four strong arms
a: Dig, Shaft Self


You were on level 3 of the Dungeon.
You visited 1 branch of the dungeon, and saw 3 of its levels.

You collected 218 gold pieces.

Inventory:

Hand Weapons
 n - the +4 mace "Lonlash" (weapon) {venom, Stlth+}
   (You found it on level 3 of the Dungeon)

   Stlth+:    It makes you more stealthy.
Armour
 a - a +0 robe (worn)
 h - a +0 pair of boots (worn)
 j - a +0 plate armour
 o - a +0 chain mail
Magical Staves
 k - a staff of cold
 q - a staff of fire
Wands
 r - a wand of roots (8)
Scrolls
 c - 2 scrolls of vulnerability {unknown}
 d - a scroll of blinking {unknown}
 e - a scroll of noise {unknown}
 m - a scroll of amnesia {unknown}
Potions
 b - 3 potions of magic
 f - 2 potions of might {unknown}
 g - 3 potions of brilliance {unknown}
 i - a potion of invisibility {unknown}
 l - a potion of heal wounds {unknown}
 p - a potion of curing {unknown}


   Skills:
 + Level 2.1 Fighting
 - Level 1.7 Dodging
 - Level 2.4 Stealth
 + Level 3.1 Spellcasting
 * Level 0.8 Conjurations
 - Level 2.0 Transmutations
 * Level 5.2 Earth Magic


You couldn't memorise any spells.
You knew the following spells:

 Your Spells              Type           Power      Damage    Failure   Level
a - Sandblast             Erth           38%        2d10      2%          1
b - Passwall              Tmut/Erth      11%        N/A       6%          2
c - Stone Arrow           Conj/Erth      24%        3d8       16%         3
d - Brom's Barrelling Bo  Conj/Erth      12%        2d4       45%         4

Your spell library contained the following spells:

 Spells                   Type           Power      Damage    Failure   Level
 Static Discharge         Conj/Air       6%         3-4/arc   24%         2
 Ensorcelled Hibernation  Hex/Ice        4%         N/A       28%         2
 Petrify                  Tmut/Erth      14%        N/A       38%         4
 Inner Flame              Hex/Fire       2%         N/A       50%         3
 Airstrike                Air            1%         2d(1-17)  88%         4
 Summon Lightning Spire   Summ/Air       2%         N/A       88%         4
 Yara's Violent Unravell  Hex/Tmut       2%         3d3       98%         5
 Enfeeble                 Hex            1%         N/A       100%        7
 Swiftness                Air            Unusable   N/A       N/A         3

Dungeon Overview and Level Annotations

Branches:
Dungeon (3/15)

Altars:

Shops:
D:1 :

Annotations:
D:3 Crazy Yiuf


Innate Abilities, Weirdness & Mutations

You cannot be hasted, slowed, berserked, paralysed or teleported.
You can dig through walls and to a lower floor.
You have a pair of large antennae on your head. (SInv)
Your four strong arms can wield two-handed weapons with a shield.


Message History

The bat closely misses you. The bat barely misses you.
The bat completely misses you. The bat misses you.
You see here a bat corpse.
You miss the bat. The bat misses you. The bat closely misses you.
You miss the bat. You punch the bat, but do no damage.
The bat hits you but does no damage.
Found a stone staircase leading down.
The bat hits you but does no damage.
You closely miss the bat. The bat barely misses you. The bat hits you.
The bat hits you.
You hit the bat.
The bat is poisoned.
The bat is moderately wounded.
You kill the bat!
No target in view!
You sense a monster nearby.
A goblin comes into view. It is wielding a +0 club.
A goblin is nearby!
The helpless goblin fails to defend itself.
You hit the goblin.
You kill the goblin!
No target in view!
You see here a +0 club.
g - 3 golden potions (gained 1)
You now have 207 gold pieces (gained 15).
You now have 218 gold pieces (gained 11).
Found a hammer.
Found a runed translucent door.
There is a stone staircase leading up here.
Crazy Yiuf shouts!
Could not explore, unopened runed door.
As you open the door, it creaks loudly!
You completely miss Crazy Yiuf.
Crazy Yiuf hits you with a +4 quarterstaff of chaos!
Crazy Yiuf burns you.
You hit Crazy Yiuf.
Crazy Yiuf is poisoned.
Crazy Yiuf is moderately wounded.
Crazy Yiuf says, "Aardvark!
Peeping dark eyeball."
Crazy Yiuf hits you with a +4 quarterstaff of chaos!
* * * LOW HITPOINT WARNING * * *
Crazy Yiuf draws strength from your wounds!
Crazy Yiuf hits you with a +4 quarterstaff of chaos!
You die...

#...###..###.#..## #......#
......<..#)..#...# ##.###.#
##.#####...#####.# #[..##.# ##>#
##### ### ######.# ##.# #.# #
...# #.####### #### ###
####...[.... # #)..###
##.#...###### #
#...g@####......# # #
#...##..#......## ###
###.#..#..# #######.# ### #.##
#####.## ### #..# .....#.#######
#.#### ##.# #### ###..........#
#....# #.###...
##.#.######.######.######.##....


You could see Crazy Yiuf (very poisoned).

Vanquished Creatures
  Jessica (D:2)
  A gnoll (D:1)
  4 adders
  A worm (D:3)
  3 dart slugs
  5 ball pythons
  7 bats
  7 endoplasms
  3 giant cockroaches
  7 hobgoblins
  2 jackals (D:1)
  5 kobolds
  3 quokkas
  5 frilled lizards
  5 goblins
  5 rats
64 creatures vanquished.

Notes
Turn   | Place    | Note
-------+----------+-------------------------------------------
     0 | D:1      | Bnni the Formicid Earth Elementalist began the quest for
                  | the Orb.
     0 | D:1      | Reached XP level 1. HP: 13/13 MP: 3/3
    50 | D:1      | Found a faded altar of an unknown god.
   102 | D:1      | Reached XP level 2. HP: 15/20 MP: 1/5
   168 | D:1      | Reached skill level 4 in Earth Magic
   268 | D:1      | Reached XP level 3. HP: 12/25 MP: 2/6
   377 | D:1      | Learned a level 2 spell: Passwall
   381 | D:1      | Learned a level 3 spell: Stone Arrow
   461 | D:1      | Found Befumuagh's Book Emporium.
   549 | D:1      | Reached skill level 1 in Fighting
   982 | D:2      | Reached XP level 4. HP: 32/32 MP: 1/8
  1194 | D:2      | Noticed Jessica
  1202 | D:2      | Killed Jessica
  1899 | D:3      | Reached skill level 5 in Earth Magic
  1899 | D:3      | Reached XP level 5. HP: 24/38 MP: 6/9
  2074 | D:3      | Learned a level 4 spell: Brom's Barrelling Boulder
  2098 | D:3      | Identified the +4 mace "Lonlash" {venom, Stlth+}
  2749 | D:3      | Found a runed translucent door.
  2750 | D:3      | Noticed Crazy Yiuf
  2841 | D:3      | Mangled by Crazy Yiuf

Illustrated notes

Levels and vault maps discovered:
D:1:      dreamdust_arrival_beginning_and_end, layout_loops_ring, serial_shops,
          nicolae_shop_hallway_stairs,
          hellmonk_ecumenical_altar_pennies_from_heaven, minmay_tromino_i4
D:2:      layout_loops_ring, minmay_misc_feat_cross, roderic_cross_of_infinity,
          uniq_jessica
D:3:      layout_loops_ring, uniq_crazy_yiuf_cottage

Skill      XL: |  1  2  3  4 |
---------------+-------------+-----
Earth Magic    | 4 5 |  5.2
Fighting       | 1 2 |  2.1
Transmutations | 2 |  2.0
Spellcasting   | 3 |  3.1
Dodging        | |  1.7
Stealth        | |  2.4
Conjurations   | |  0.8

Action                     |  1- 3 |  4- 6 || total
---------------------------+-------+-------++-------
  Melee: Dagger            |    44 |     2 ||    46
         Short sword       |       |    11 ||    11
         Mace              |       |    12 ||    12
         Punch             |       |     1 ||     1
   Cast: Sandblast         |    34 |    36 ||    70
    Use: Scroll            |       |     1 ||     1
   Stab: Sleeping          |       |     4 ||     4
 Armour: Robe              |    25 |    20 ||    45
  Dodge: Dodged            |    38 |    27 ||    65

Table legend: (Time is in decaauts)
 A = Elapsed time spent in this place.
 B = Non-inter-level travel time spent in this place.
 C = Inter-level travel time spent in this place.
 D = Time resting spent in this place.
 E = Time spent auto-exploring this place.
 F = Levels seen in this place.
 G = Mean time per level.
                   A        B        C        D        E       F      G
               +--------+--------+--------+--------+--------+-----+--------+
         Total |   2878 |   2703 |    175 |      0 |   2244 |   3 |  959.3 |
       Dungeon |   2878 |   2703 |    175 |      0 |   2244 |   3 |  959.3 |
               +--------+--------+--------+--------+--------+-----+--------+

Top non-repeatable levels by time:
     D:1: 986 daAuts
     D:3: 959 daAuts
     D:2: 931 daAuts
